 Dungeon Crawl Stone Soup version 0.21-a0-216-g6d3fd91 (webtiles) character file.

13380 Ijustatesigmund the Fighter (level 11, -6/114 HPs)
             Began as a Minotaur Fighter on Aug 23, 2017.
             Was the Champion of Cheibriados.
             Mangled by Leszczynek's ghost (23 damage)
             ... on level 11 of the Dungeon.
             The game lasted 00:23:27 (9304 turns).

Ijustatesigmund the Fighter (Minotaur Fighter)      Turns: 9304, Time: 00:23:30

Health: -6/114     AC: 19    Str: 38    XL:     11   Next: 74%
Magic:  13/13      EV: 16    Int: 20    God:    Cheibriados [******]
Gold:   339        SH:  0    Dex: 28    Spells: 10/10 levels left

rFire    . . .     SeeInvis .   G - +1 executioner's axe (distort)
rCold    . . .     Gourm    .   (shield currently unavailable)
rNeg     . . .     Faith    .   b - +0 plate armour
rPois    +         Spirit   .   (helmet unavailable)
rElec    .         Reflect  .   (no cloak)
rCorr    .         Harm     .   s - +1 pair of gloves
MR       .....     Clarity  +   (no boots)
Stlth    ..........             (no amulet)
HPRegen  0.29/turn              y - ring of poison resistance
MPRegen  0.13/turn              v - +2 ring of evasion

@: about to teleport, studying Armour, very slow
A: retaliatory headbutt, horns 3, icy blue scales 1, clarity, low mp 1, robust
1, strong 1, evolution 1
a: Bend Time, Temporal Distortion, Slouch, Step From Time, Renounce Religion


You were on level 11 of the Dungeon.
You worshipped Cheibriados.
Cheibriados was exalted by your worship.
You were not hungry.

You visited 1 branch of the dungeon, and saw 11 of its levels.
You also visited: Bailey.

You collected 548 gold pieces.
You spent 209 gold pieces at shops.

Inventory:

Hand Weapons
 a - a +5 broad axe
 t - a +2 war axe of draining
 D - a +1 flail of draining
 G - a +1 executioner's axe of distortion (weapon)
Missiles
 h - 5 javelins (quivered)
 x - a throwing net
Armour
 b - a +0 plate armour (worn)
 c - a +1 shield
 s - a +1 pair of gloves (worn)
Jewellery
 v - a +2 ring of evasion (right hand)
 y - a ring of poison resistance (left hand)
 z - an uncursed ring of protection from magic
Wands
 B - a wand of paralysis (14/24)
Scrolls
 d - 2 scrolls of identify
 k - a scroll of recharging
 o - 5 scrolls of teleportation
 u - a scroll of amnesia
 E - a scroll of remove curse
 F - a scroll of immolation
Potions
 e - 3 potions of resistance
 j - 2 potions of agility
 l - 3 potions of flight
 p - 9 potions of curing
 q - a potion of brilliance
 r - 2 potions of lignification
 C - a potion of mutation
Books
 A - a book of Changes

   Spells                             Type                      Level
   a - Beastly Appendage              Transmutation                1
   b - Sticks to Snakes               Transmutation                2
   c - Spider Form                    Transmutation/Poison         3
   d - Ice Form                       Ice/Transmutation            4
   e - Blade Hands                    Transmutation                5
 H - a manual of Armour
Comestibles
 f - 12 bread rations
 i - 5 meat rations
 m - 8 royal jellies
 n - 11 fruits


   Skills:
 + Level 12.1 Fighting
 - Level 10.4 Axes
 + Level 11.5 Armour
 - Level 5.8 Dodging
 - Level 7.6 Shields
 - Level 6.8 Invocations


You had 10 spell levels left.
You didn't know any spells.

Dungeon Overview and Level Annotations

Branches:
Dungeon (11/15)            Temple (0/1) D:7            Lair (0/6) D:11
    Orc (0/2) D:9

Altars:
Ashenzari
Cheibriados
Trog

Shops:
D:9 =   D:10 !

Annotations:
D:11 Leszczynek's ghost, journeyman TrSk


Innate Abilities, Weirdness & Mutations

You reflexively headbutt those who attack you in melee.
You have a pair of large horns on your head.
You are partially covered in icy blue scales. (AC +2)
You possess an exceptional clarity of mind.
Your magical capacity is low. (-10% MP)
You are robust. (+10% HP)
Your muscles are strong. (Str +2)
You evolve.


Message History

* * * LOW HITPOINT WARNING * * *
Found a leather armour and a potion of flight.
Okay, then.
You feel much better.
The electric eel shoots out a bolt of lightning at you!
The bolt of electricity hits you! The bullfrog zombie closely misses you.
As you read the scroll of teleportation, it crumbles to dust.
You feel strangely unstable. The bullfrog zombie hits you.
The electric eel shoots out a bolt of lightning at you!
The bolt of electricity hits you!
* * * LOW HITPOINT WARNING * * *
Unknown command.
The bullfrog zombie misses you. You furiously retaliate!
You headbutt the bullfrog zombie!
The bullfrog zombie completely misses you.
Leszczynek's ghost hits you!
* * * LOW HITPOINT WARNING * * *
The bullfrog zombie hits you but does no damage.
Leszczynek's ghost hits you!!
You die...

##≈≈≈##. ##≈≈≈≈≈#.
##≈≈≈≈≈≈≈## #≈
#≈≈≈≈≈≈≈≈≈## ...
≈≈≈≈≈≈≈≈≈≈≈#.≈≈≈
≈≈≈≈≈≈≈≈≈≈≈≈[#
≈≈≈≈≈≈≈≈≈≈≈≈.#
≈≈≈≈....@....#
#≈≈;.≈oZW≈≈≈≈≈#
##≈≈.≈≈≈≈≈≈≈≈##
##≈..........# #.
##≈≈≈###≈##!# #.
#))...... # ##.#
#().....%.
....########.(.......#
###....)............


You could see an orc warrior, an electric eel, Leszczynek's ghost and a bullfrog
zombie.

Vanquished Creatures
  The ghost of tof the Protected, a journeyman MiBe of Trog (D:11)
  A hydra (D:10)
  3 two-headed ogres
  An orc knight (Bailey)
  Pikel (D:7)
  A queen bee (D:10)
  A troll (D:7)
  2 hippogriffs
  A spriggan (D:9)
  5 yaks (D:10)
  A hungry ghost (D:10)
  Edmund (D:4)
  Duvessa (D:7)
  An acid dragon (D:7)
  20 orc warriors
  4 sky beasts
  A hornet zombie (D:10)
  2 ogres
  3 ice beasts
  A necrophage (D:10)
  3 phantoms
  A slave (D:7)
  An eye of draining (D:9)
  4 centaurs
  2 big kobolds
  2 bullfrogs
  2 gnoll sergeants
  Dowan (D:7)
  4 scorpions
  23 killer bees
  7 wights
  2 electric eels (D:11)
  2 howler monkeys (D:10)
  A bullfrog zombie (D:7)
  2 crimson imps (D:6)
  7 hounds
  A quasit (D:9)
  A centaur zombie (D:8)
  A jelly (D:7)
  7 orc priests
  5 orc wizards
  A bullfrog skeleton (D:6)
  An iron imp (D:5)
  An iguana (D:8)
  6 worker ants
  A hound zombie (D:5)
  A howler monkey zombie (D:9)
  2 worker ant zombies (D:7)
  10 gnolls
  12 adders
  A shadow imp (D:7)
  An ooze (D:4)
  An adder skeleton (D:5)
  2 worms
  4 dart slugs
  5 leopard geckos
  45 orcs
  5 giant cockroaches
  6 goblins
  3 hobgoblins
  8 jackals
  3 quokkas
  A ball python skeleton (D:4)
  9 bats
  2 frilled lizards
  2 jackal zombies
  9 kobolds
  A quokka skeleton (D:4)
  3 rats
277 creatures vanquished.

Vanquished Creatures (others)
  2 slaves (D:7)
  A crocodile (D:11)
  A bullfrog (D:7)
  4 orcs
8 creatures vanquished.

Grand Total: 285 creatures vanquished

Notes
Turn   | Place    | Note
-------+----------+-------------------------------------------
     0 | D:1      | Ijustatesigmund the Minotaur Fighter began the quest for the Orb.
     0 | D:1      | Reached XP level 1. HP: 19/19 MP: 0/0
   113 | D:1      | Reached XP level 2. HP: 24/27 MP: 1/1
   216 | D:1      | Reached skill level 4 in Fighting
   689 | D:2      | Reached XP level 3. HP: 33/33 MP: 2/2
  1159 | D:3      | Reached XP level 4. HP: 31/41 MP: 3/3
  1187 | D:2      | Found a bloodstained altar of Trog.
  2306 | D:4      | Reached skill level 5 in Fighting
  2520 | D:4      | Reached skill level 5 in Axes
  2561 | D:4      | Noticed Edmund
  2577 | D:4      | Killed Edmund
  2577 | D:4      | Reached XP level 5. HP: 15/48 MP: 4/4
  2991 | D:4      | Reached XP level 6. HP: 43/56 MP: 5/5
  3416 | D:5      | Entered Level 5 of the Dungeon
  3444 | D:5      | Found a snail-covered altar of Cheibriados.
  3463 | D:5      | Became a worshipper of Cheibriados the Contemplative
  3511 | D:5      | Reached skill level 1 in Invocations
  3532 | D:5      | Reached XP level 7. HP: 47/62 MP: 7/7
  4062 | D:6      | Reached * piety under Cheibriados
  4454 | D:6      | Reached XP level 8. HP: 68/70 MP: 8/10
  4552 | D:7      | Noticed Pikel
  4568 | D:7      | Noticed Duvessa
  4576 | D:7      | Noticed Dowan
  4581 | D:7      | Reached skill level 5 in Invocations
  4587 | D:7      | Killed Pikel
  4595 | D:7      | Reached skill level 10 in Axes
  4600 | D:7      | Killed Duvessa
  4601 | D:7      | Killed Dowan
  4785 | D:7      | Reached XP level 9. HP: 75/75 MP: 11/13
  4798 | D:7      | Reached ** piety under Cheibriados
  4821 | D:7      | Gained mutation: You possess an exceptional clarity of mind. [potion of mutation]
  4821 | D:7      | Gained mutation: You are partially covered in icy blue scales. (AC +2) [potion of mutation]
  4821 | D:7      | Gained mutation: You evolve. [potion of mutation]
  4821 | D:7      | Gained mutation: You have a pair of large horns on your head. [potion of mutation]
  4885 | D:7      | Found a staircase to the Ecumenical Temple.
  4957 | D:7      | Reached skill level 6 in Fighting
  4957 | D:7      | Reached skill level 1 in Dodging
  4980 | D:7      | Reached skill level 5 in Armour
  5368 | D:7      | Noticed a troll
  5377 | D:7      | Killed a troll
  5377 | D:7      | Reached skill level 5 in Shields
  5501 | D:8      | Reached skill level 7 in Fighting
  5504 | D:8      | Gained mutation: Your muscles are strong. (Str +2) [evolution]
  5512 | D:8      | Found a shattered altar of Ashenzari.
  5846 | D:8      | Reached *** piety under Cheibriados
  6250 | D:8      | Noticed a two-headed ogre
  6254 | D:8      | Killed a two-headed ogre
  6254 | D:8      | Reached XP level 10. HP: 76/88 MP: 14/14
  6338 | D:9      | Found a staircase to the Orcish Mines.
  6360 | D:9      | Reached skill level 8 in Fighting
  6450 | D:9      | Found Rief's Jewellery Shoppe.
  6478 | D:9      | Bought a +2 ring of evasion for 170 gold pieces
  6962 | D:9      | Reached skill level 5 in Dodging
  6974 | D:10     | Entered Level 10 of the Dungeon
  7074 | D:10     | Reached **** piety under Cheibriados
  7091 | D:10     | Found Miohisulywn's Distillery.
  7099 | D:10     | Bought a potion of curing for 39 gold pieces
  7285 | D:10     | Noticed a two-headed ogre
  7294 | D:10     | Killed a two-headed ogre
  7294 | D:10     | Reached skill level 9 in Fighting
  7472 | D:10     | Gained mutation: You are robust. (+10% HP) [evolution]
  7560 | D:10     | Reached ***** piety under Cheibriados
  7799 | D:10     | Reached skill level 10 in Fighting
  7799 | D:10     | Reached XP level 11. HP: 108/108 MP: 15/15
  8129 | D:10     | Noticed an eight-headed hydra
  8135 | D:10     | Killed a ten-headed hydra
  8381 | D:10     | Reached skill level 10 in Armour
  8463 | D:10     | Gained mutation: Your magical capacity is low. (-10% MP) [evolution]
  8609 | D:10     | Noticed a two-headed ogre
  8612 | D:10     | Killed a two-headed ogre
  8612 | D:10     | Reached skill level 11 in Fighting
  8750 | D:11     | Noticed tof's ghost (journeyman MiBe)
  8773 | D:11     | Killed tof's ghost
  8791 | D:11     | Found a staircase to the Lair.
  8867 | D:11     | Found a flagged portal.
  8874 | Bailey   | Entered a bailey
  9231 | Bailey   | Found a roughly hewn altar of Beogh.
  9231 | Bailey   | Noticed an orc knight
  9243 | Bailey   | Killed an orc knight
  9243 | Bailey   | Reached skill level 12 in Fighting
  9293 | D:11     | Noticed Leszczynek's ghost (journeyman TrSk)
  9295 | D:11     | Reached ****** piety under Cheibriados
  9304 | D:11     | Mangled by Leszczynek's ghost

Vault maps used:
D:1:      ncdulo_halloftheorcs
D:2:      lemuel_statue_altar
D:3:      first_bread
D:4:      uniq_edmund
D:5:      slow_altar_1
D:6:      kennysheep_generic_room_2
D:7:      nicolae_whirlpool, temple_fountains, uniq_duvessa, uniq_pikel
D:8:      evilmike_ruin_ashenzari
D:9:      orc_0_dummy, serial_shops, nicolae_shop_crystal, the_bakery
D:10:     special_room, serial_shops, nicolae_shop_waterfront
D:11:     lair_entry_dummy, enter_bailey_3
Bailey:   bailey_polearm_2, bailey

Skill      XL: |  1  2  3  4  5  6  7  8  9 10 11 |
---------------+----------------------------------+-----
Axes           | 3 4 5 6 8 10 | 10.4
Fighting       | 4 5 7 10 12 | 12.1
Armour         | 4 6 9 11 | 11.5
Invocations    | 1 4 6 |  6.8
Dodging        | 4 5 |  5.8
Shields        | 6 7 |  7.6

Action                   |  1- 3 |  4- 6 |  7- 9 | 10-12 || total
-------------------------+-------+-------+-------+-------++-------
Melee: War axe           |   107 |    75 |       |       ||   182
       Headbutt          |     8 |    14 |    36 |    97 ||   155
       Broad axe         |       |   107 |   199 |   269 ||   575
       Executioner's axe |       |       |       |     7 ||     7
Invok: Slouch            |       |       |       |     1 ||     1
Evoke: Wand              |       |       |     5 |     3 ||     8
  Use: Scroll            |     7 |     5 |    11 |     7 ||    30
       Potion            |       |     1 |     5 |     6 ||    12
 Stab: Paralysed         |       |       |     2 |       ||     2
  Eat: Chunk             |     1 |     6 |     5 |     3 ||    15
       Fruit             |       |     2 |     1 |       ||     3
       Royal jelly       |       |       |       |     2 ||     2
Armor: Scale mail        |    53 |       |       |       ||    53
       Plate armour      |    20 |   126 |   107 |   116 ||   369
Dodge: Dodged            |    50 |    38 |    32 |   175 ||   295
Block: Shield            |    62 |   101 |   115 |   313 ||   591

Table legend:
 A = Spawn XP
 B = Non-spawn XP
 C = Spawn XP percentage of total XP
 D = Spawn monster count
 E = Non-spawn monster count
 F = Spawn count percentage of total count
 G = Total turns spent on level
                    A         B        C        D         E        F      G
               +---------+---------+-------+---------+---------+-------+---------
         Total |    2567 |   16548 |  13.4 |      39 |     238 |  14.1 |  9304
               +---------+---------+-------+---------+---------+-------+---------
           D:1 |       2 |      27 |   6.9 |       1 |      13 |   7.1 |   491
           D:2 |      14 |      19 |  42.4 |       2 |       9 |  18.2 |   849
           D:3 |      19 |      71 |  21.1 |       4 |      13 |  23.5 |  1150
           D:4 |      51 |     301 |  14.5 |       2 |      12 |  14.3 |   926
           D:5 |      19 |     414 |   4.4 |       2 |      13 |  13.3 |   368
           D:6 |       0 |     619 |   0.0 |       0 |      15 |   0.0 |   740
           D:7 |     304 |    2380 |  11.3 |       3 |      28 |   9.7 |   967
           D:8 |     302 |    1539 |  16.4 |       9 |      12 |  42.9 |   794
           D:9 |     509 |     669 |  43.2 |       8 |      11 |  42.1 |   689
          D:10 |    1347 |    6240 |  17.8 |       8 |      63 |  11.3 |  1656
          D:11 |       0 |    1687 |   0.0 |       0 |      29 |   0.0 |   265
        Bailey |       0 |    2582 |   0.0 |       0 |      20 |   0.0 |   409
               +---------+---------+-------+---------+---------+-------+---------
